 Dungeon Crawl Stone Soup version 0.26-a0-712-ga5a9c9c9d0 (webtiles) character file.

Game seed: 12575265251789045393

315 dmks the Insei (level 6, -1/41 HPs)
             Began as an Octopode Transmuter on Nov 10, 2020.
             Was an Initiate of Okawaru.
             Slain by Pikel
             ... wielding a +2 whip of flaming
              (5 damage)
             ... on level 3 of the Dungeon.
             The game lasted 00:09:08 (4547 turns).

dmks the Insei (Octopode Transmuter)                Turns: 4547, Time: 00:09:09

Health: -1/41      AC:  5    Str:  9    XL:     6   Next: 43%
Magic:  10/10      EV: 14    Int: 15    God:    Okawaru [......]
Gold:   110        SH:  0    Dex: 15    Spells: 10/11 levels left

rFire    . . .     SeeInvis .   j - +2 short sword (venom)
rCold    . . .     Faith    .   (no shield)
rNeg     . . .     Spirit   .   (helmet restricted)
rPois    .         Reflect  .   (no amulet)
rElec    .         Harm     .   g - +4 ring of protection
rCorr    .         Rampage  .   (no ring)
MR       .....                  (no ring)
Stlth    +++.......             (no ring)
HPRegen  0.13/turn              (no ring)
MPRegen  0.12/turn              (no ring)
                                (no ring)
                                (no ring)

@: no status effects
A: almost no armour, stealthy swim, amphibious, 8 rings, constrict 8, camouflage
1, gelatinous body 1
a: Renounce Religion


You were on level 3 of the Dungeon.
You worshipped Okawaru.
Okawaru was noncommittal.
You visited 2 branches of the dungeon, and saw 6 of its levels.

You collected 110 gold pieces.

Inventory:

Hand Weapons
 j - a +2 short sword of venom (weapon)
   (You took it off a kobold on level 2 of the Dungeon)
Jewellery
 g - a +4 ring of protection (left tentacle)
   (You found it on level 1 of the Dungeon)
Scrolls
 b - 2 scrolls of enchant armour {unknown}
 e - 3 scrolls of remove curse {@r2}
 f - 3 scrolls of identify {@r1}
 h - a scroll of blinking {unknown}
 i - a scroll of fog {unknown}
 m - a scroll of immolation {unknown}
Potions
 a - a potion of flight
 c - a potion of resistance


   Skills:
 + Level 2.4 Fighting
 + Level 3.1 Dodging
 + Level 3.5 Stealth
 + Level 4.0 Unarmed Combat
 + Level 3.0 Spellcasting
 + Level 3.1 Transmutations


You had 10 spell levels left.
You knew the following spells:

 Your Spells              Type           Power        Failure   Level
a - Beastly Appendage     Tmut           ##....       5%          1

Your spell library contained the following spells:

 Spells                   Type           Power        Failure   Level
 Wereblood                Tmut           ##......     9%          2
 Spider Form              Tmut/Pois      #.........   30%         3
 Ice Form                 Ice/Tmut       #.......     71%         4
 Blade Hands              Tmut           ##........   83%         5


Dungeon Overview and Level Annotations

Branches:
Dungeon (5/15)             Temple (1/1) D:4

Altars:
Dithmenos
Elyvilon
Fedhas
Hepliaklqana
Kikubaaqudgha
Makhleb
Nemelex Xobeh
Okawaru
Qazlal
Ru
Sif Muna
Trog
Vehumet
Xom
Yredelemnul

Annotations:
D:3 Pikel


Innate Abilities, Weirdness & Mutations

You cannot wear most types of armour.
You are very stealthy in the water. (Stealth+)
You are amphibious.
You can wear up to eight rings at the same time.
You can use your tentacles to constrict eight enemies at once.
Your skin changes colour to match your surroundings (Stealth+).
Your rubbery body absorbs attacks. (AC +1, EV +1)


Message History

Pikel hits you with a +2 whip of flaming!
* * * LOW HITPOINT WARNING * * *
Pikel burns you.
* * * LOW HITPOINT WARNING * * *
The lemure hits you.
* * * LOW HITPOINT WARNING * * *
You feel better.
Your transformation is almost over.
You constrict Pikel. Pikel closely misses you.
A lemure comes into view.
The lemure misses you.
Okay, then.
You release your grip on Pikel.
The lemure shouts!
Pikel closely misses you. The lemure hits you!
* * * LOW HITPOINT WARNING * * *
You climb upwards.
There is a stone staircase leading down here.
You feel better. Pikel barely misses you. The lemure closely misses you.
Throwing (i - inventory)
l - a throwing net (quivered)
{!f}
Aim: Pikel, wielding a +2 whip of flaming and wearing a +0 robe (heavily wounded, very poisoned) Really fire
l - a throwing net {!f}? [Y]es or [N]o only, please.
Really fire
l - a throwing net {!f}?
You throw a throwing net {!f}. The throwing net {!f} hits Pikel.
Pikel is caught in the net!
Pikel struggles against the net.
The lemure hits you but does no damage.
You hit Pikel.
Pikel looks as sick as possible!
You grab Pikel. You squeeze Pikel. You constrict Pikel.
Pikel drinks a potion.
Pikel is healed!
Pikel struggles against the net.
The lemure closely misses you.
You hit Pikel.
Pikel looks as sick as possible!
You constrict Pikel. The lemure hits you.
* * * LOW HITPOINT WARNING * * *
Pikel struggles against the net.
You catch the helpless Pikel completely off-guard!
You hit Pikel.
Pikel looks as sick as possible!
You pierce Pikel.
You tentacle-slap Pikel, but do no damage.
Your tentacle spike disappears.
You constrict Pikel, but do no damage. The lemure hits you.
* * * LOW HITPOINT WARNING * * *
Pikel struggles against the net.
You closely miss the lemure. Your grab misses the lemure.
You constrict Pikel, but do no damage. The lemure hits you.
* * * LOW HITPOINT WARNING * * *
Pikel struggles against the net.
The net rips apart, and Pikel comes free!
You hit Pikel but do no damage.
Pikel looks as sick as possible!
You constrict Pikel, but do no damage. The lemure closely misses you.
Pikel hits you with a +2 whip of flaming.
You die...

#....# #.# #....#
#.#
########....####.#
.......'...)'..#)#
.#######....##.#.#
.# #######.#.# .#
#.#.#
.#############.#5#
........<......K@#
.#.#####.#####.###
.#.# #.# #.# .#.#
#.# #.# .#.# #.#
#.# .#.# #.# #.#
##.# #.# #.# .#.#
#.# #.#
.#.#####.#####.#


You could see Pikel (extremely poisoned) and a lemure.

Vanquished Creatures
  An ogre (D:4)
  A hound (D:4)
  3 worker ants (D:4)
  4 adders (D:2)
  4 worms (D:2)
  A dart slug (D:1)
  2 leopard geckos (D:2)
  2 orcs
  5 bats
  3 giant cockroaches
  5 goblins
  8 hobgoblins
  4 jackals (D:2)
  19 kobolds
  2 frilled lizards
  9 rats
73 creatures vanquished.

Notes
Turn   | Place    | Note
-------+----------+-------------------------------------------
     0 | D:1      | dmks the Octopode Transmuter began the quest for the Orb.
     0 | D:1      | Reached XP level 1. HP: 13/13 MP: 3/3
   311 | D:1      | Reached XP level 2. HP: 13/18 MP: 5/5
   408 | D:1      | Reached skill level 1 in Stealth
   915 | D:1      | Reached XP level 3. HP: 21/23 MP: 6/6
  1519 | D:2      | Reached XP level 4. HP: 20/28 MP: 5/7
  2213 | D:2      | Found an ancient bone altar of Kikubaaqudgha.
  2214 | D:2      | Found a shimmering altar of Xom.
  2214 | D:2      | Found a burning altar of Makhleb.
  2222 | D:2      | Found a sparkling altar of Nemelex Xobeh.
  2597 | D:3      | Reached XP level 5. HP: 28/34 MP: 8/8
  2845 | D:3      | Found a shadowy altar of Dithmenos.
  2960 | D:3      | Found a sparkling altar of Nemelex Xobeh.
  3524 | D:4      | Found a staircase to the Ecumenical Temple.
  3545 | Temple   | Entered the Ecumenical Temple
  3727 | Temple   | Became a worshipper of Warmaster Okawaru
  3848 | D:4      | Reached XP level 6. HP: 39/39 MP: 10/10
  3864 | D:4      | Reached skill level 4 in Unarmed Combat
  4103 | D:5      | Entered Level 5 of the Dungeon
  4421 | D:4      | Noticed Pikel
  4547 | D:3      | Slain by Pikel

Illustrated notes

Levels and vault maps discovered:
D:1:      dpeg_arrival_tiny_g, layout_loops_ring
D:2:      layout_rooms, chequers_temple_overflow_statue_of_worship,
          minmay_misc_feat_iff
D:3:      layout_basic, grunt_dithmenos_smoke, nemelex_altar_shiori
D:4:      layout_basic, minmay_temple_entry_mini_moons, uniq_pikel,
          uniq_eustachio
D:5:      layout_cave_pools, tso_oasis_becter, nicolae_gozag_seed_capital,
          kennysheep_generic_room_12, uniq_sigmund
Temple:   eino_temple_lava

Skill      XL: |  1  2  3  4  5  6 |
---------------+-------------------+-----
Stealth        | 1 2 3 |  3.5
Fighting       | 2 |  2.4
Dodging        | 3 |  3.1
Unarmed Combat | 4 |  4.0
Spellcasting   | 3 |  3.0
Transmutations | 3 |  3.1

Action                   |  1- 3 |  4- 6 || total
-------------------------+-------+-------++-------
Melee: Unarmed           |    95 |    19 ||   114
       Constrict         |    23 |    24 ||    47
       Tentacles         |    15 |    18 ||    33
       Short sword       |       |    72 ||    72
       Kick              |       |    12 ||    12
       Punch             |       |     3 ||     3
Throw: Throwing net      |       |     1 ||     1
 Cast: Beastly Appendage |       |     5 ||     5
  Use: Scroll            |       |     6 ||     6
       Potion            |       |     2 ||     2
 Stab: Sleeping          |     5 |     5 ||    10
       Held in net/web   |       |     1 ||     1
Armor: Skin              |    13 |    17 ||    30
Dodge: Dodged            |    47 |    89 ||   136

Table legend: (Time is in decaauts)
 A = Elapsed time spent in this place.
 B = Non-inter-level travel time spent in this place.
 C = Inter-level travel time spent in this place.
 D = Time resting spent in this place.
 E = Time spent auto-exploring this place.
 F = Levels seen in this place.
 G = Mean time per level.
                   A        B        C        D        E       F      G
               +--------+--------+--------+--------+--------+-----+--------+
         Total |   4549 |   4472 |     77 |   1446 |   2289 |   6 |  758.2 |
       Dungeon |   4345 |   4268 |     77 |   1446 |   2223 |   5 |  869.0 |
        Temple |    203 |    203 |      0 |      0 |     66 |   1 |  203.0 |
               +--------+--------+--------+--------+--------+-----+--------+

Top non-repeatable levels by time:
     D:1: 1422 daAuts
     D:2: 1055 daAuts
     D:3: 979 daAuts
     D:4: 882 daAuts
  Temple: 203 daAuts
     D:5: 5 daAuts
